 Dungeon Crawl Stone Soup version 0.30-a0-802-gb92711bcdf (webtiles) character file.

Game seed: 9403161319542839112

117 Pimp the Covered (level 4, 0/41 HPs)
             Began as a Minotaur Fighter on Feb 24, 2023.
             Slain by a river rat (6 damage)
             ... on level 3 of the Dungeon.
             The game lasted 00:02:43 (1548 turns).

Pimp the Covered (Minotaur Fighter)                 Turns: 1548, Time: 00:02:44

Health: 0/41       AC:  7    Str: 23    XL:     4   Next: 71%
Magic:  3/3        EV:  9    Int:  5    God:
Gold:   110        SH:  4    Dex:  9    Spells: 3/3 levels left

rFire   . . .      SeeInvis .    a - +0 long sword
rCold   . . .      Faith    .    c - +0 buckler
rNeg    . . .      Spirit   .    b - +0 scale mail
rPois   .          Reflect  .    (helmet restricted)
rElec   .          Harm     .    (no cloak)
rCorr   .          Rampage  .    (no gloves)
Will    .....                    (no boots) Stlth
                                 (no amulet)
HPRegen 0.26/turn                n - +4 ring of slaying
MPRegen 0.08/turn                (no ring)

@: no status effects
A: horns 2, retaliatory headbutt
a: no special abilities


You were on level 3 of the Dungeon.
You visited 1 branch of the dungeon, and saw 3 of its levels.

You collected 110 gold pieces.

Inventory:

Hand Weapons
 a - a +0 long sword (weapon)
Armour
 b - a +0 scale mail (worn)
 c - a +0 buckler (worn)
Jewellery
 n - a +4 ring of slaying (left hand)
Scrolls
 f - a scroll of identify {unknown}
 h - a scroll of poison {unknown}
 i - a scroll of amnesia {unknown}
 k - a scroll of enchant armour {unknown}
 l - 2 scrolls of teleportation {unknown}
 p - 2 scrolls of enchant weapon {unknown}
Potions
 d - a potion of might
 e - 3 potions of cancellation {unknown}
 j - a potion of resistance {unknown}
 m - a potion of attraction {unknown}
 o - a potion of heal wounds {unknown}
 q - a potion of ambrosia {unknown}
 r - a potion of degeneration {unknown}


   Skills:
 + Level 4.4 Fighting
 * Level 4.2 Long Blades
 + Level 4.4 Armour
 + Level 4.3 Shields


You had 3 spell levels left.
You didn't know any spells.
Your spell library contained the following spells:

 Spells                   Type           Power      Damage    Failure   Level
 Inner Flame              Hex/Fire       0%         N/A       99%         3
 Flame Wave               Conj/Fire      0%         2d4       100%        4
 Sticky Flame             Conj/Fire      0%         2d3       100%        4


Dungeon Overview and Level Annotations

Branches:
Dungeon (3/15)

Altars:


Innate Abilities, Weirdness & Mutations

You have a pair of horns on your head.
You reflexively headbutt those who attack you in melee.


Message History

Found a robe, 12 gold pieces and a gold wand.
There is a stone staircase leading up here.
The kobold throws a stone.
The stone hits you.
The kobold throws a stone.
The stone barely misses you. The kobold closely misses you.
You hit the kobold.
You kill the kobold!
Things that are here:
a +0 whip; 3 stones; a kobold corpse
As you read the scroll labelled BEUKKI ECVIAPN, it crumbles to dust.
You hear a loud clanging noise!
It was a scroll of noise.
You hear a shout!
You hear an angry hiss.
You hear a shout!
A worm comes into view.
A river rat comes into view. x2
You hit the river rat but do no damage. You block the river rat's attack.
You slash the river rat!
You kill the river rat!
The river rat bites you. The worm bites you but does no damage.
You closely miss the river rat. Your headbutt misses the river rat.
A river rat comes into view.
The river rat bites you. The river rat closely misses you.
You barely miss the river rat. The worm bites you. The river rat bites you.
You barely miss the worm. You block the river rat's attack.
The river rat twitches its whiskers.
The worm bites you!
Unknown command.
You hit the worm.
The worm is moderately wounded.
The river rat bites you. The worm barely misses you. You furiously retaliate!
You headbutt the worm! You slash the worm!
You kill the worm!
The river rat completely misses you. The river rat bites you.
You closely miss the river rat. The river rat bites you.
* * * LOW HITPOINT WARNING * * *
The river rat closely misses you. The river rat bites you.
* * * LOW HITPOINT WARNING * * *
The river rat bites you.
You die...

#......../ #.........
#........ #..$...#
#......#####+#
#########....<...[....
......................
......†.#....)........
...~..r@..#####.......
.~~~~~r..## #######
#~#~###### ~~ #


You could see 2 river rats.

Vanquished Creatures
  3 adders (D:2)
  A river rat (D:3)
  3 worms
  2 dart slugs
  9 endoplasms
  2 giant cockroaches (D:1)
  2 goblins
  4 hobgoblins
  7 jackals (D:1)
  A quokka (D:2)
  12 ball pythons
  4 bats
  3 frilled lizards
  9 kobolds
  3 rats
65 creatures vanquished.

Notes
Turn   | Place    | Note
-------+----------+-------------------------------------------
     0 | D:1      | Pimp the Minotaur Fighter began the quest for the Orb.
     0 | D:1      | Reached XP level 1. HP: 19/19 MP: 0/0
   137 | D:1      | Reached XP level 2. HP: 27/27 MP: 1/1
   649 | D:1      | Reached XP level 3. HP: 33/33 MP: 2/2
  1158 | D:2      | Reached XP level 4. HP: 40/40 MP: 3/3
  1548 | D:3      | Slain by a river rat

Illustrated notes

Levels and vault maps discovered:
D:1:      zaba_arrival_water, layout_loops_corners, minmay_pentomino_u2
D:2:      layout_rooms, nicolae_wormholes
D:3:      layout_basic, okawaru_metal_pillars_3,
          mainiacjoe_overflow_six_doors_small, lightli_sewer_entry_pipes,
          serial_shops, nicolae_shop_crystal

Skill      XL: |  1  2  3  4 |
---------------+-------------+-----
Long Blades    | 3 4 |  4.2
Fighting       | 4 |  4.4
Armour         | 4 |  4.4
Shields        | 4 |  4.3

Action                     |  1- 3 |  4- 6 || total
---------------------------+-------+-------++-------
  Melee: Long sword        |    82 |    34 ||   116
         Headbutt          |    16 |     4 ||    20
    Use: Scroll            |       |     1 ||     1
 Armour: Scale mail        |    53 |    12 ||    65
  Dodge: Dodged            |    53 |    16 ||    69
  Block: Buckler           |    23 |     7 ||    30

Table legend: (Time is in decaauts)
 A = Elapsed time spent in this place.
 B = Non-inter-level travel time spent in this place.
 C = Inter-level travel time spent in this place.
 D = Time resting spent in this place.
 E = Time spent auto-exploring this place.
 F = Levels seen in this place.
 G = Mean time per level.
                   A        B        C        D        E       F      G
               +--------+--------+--------+--------+--------+-----+--------+
         Total |   1585 |   1523 |     62 |      8 |   1121 |   3 |  528.3 |
       Dungeon |   1585 |   1523 |     62 |      8 |   1121 |   3 |  528.3 |
               +--------+--------+--------+--------+--------+-----+--------+

Top non-repeatable levels by time:
     D:1: 1044 daAuts
     D:2: 519 daAuts
     D:3: 21 daAuts
